 Dungeon Sprint DCSS version 0.28.0-1-gb440e238dd (webtiles) character file.

Game seed: 4278408904568956411

9125 boopmooplesden the Warrior (level 11, -39/115 HPs)
             Began as a Minotaur Fighter on Feb 21, 2022.
             Was a High Priest of Okawaru.
             Killed from afar by a crystal guardian (44 damage)
             ... with a crystal bolt
             ... in the Dungeon (Sprint II: "The Violet Keep of Menkaure").
             The game lasted 00:10:26 (2327 turns).

boopmooplesden the Warrior (Minotaur Fighter)       Turns: 2327, Time: 00:10:26

Health: -39/115    AC: 14    Str: 24    XL:     11   Next: 18%
Magic:  19/19      EV: 14    Int: 11    God:    Okawaru [*****.]
Gold:   200        SH:  0    Dex: 14    Spells: 10/10 levels left

rFire   . . .      SeeInvis .   a - +6 quarterstaff "Irirull" {spect, Will+ Int+3 Dex+3}
rCold   + + .      Faith    .   (shield currently unavailable)
rNeg    . . .      Spirit   .   i - +0 scale mail
rPois   +          Reflect  .   (helmet restricted)
rElec   +          Harm     .   k - +0 cloak
rCorr   +          Rampage  .   (no gloves)
Will    ++...      NoTele   +   l - +1 pair of boots
Stlth   +.........              g - amulet of Charity {Acrobat rPois rCorr Int+3}
HPRegen 0.29/turn               d - ring "Muz Yd Qeic" {rPois rF- rC+ Will+}
MPRegen 0.16/turn               q - ring of magical power

@: lethally poisoned (-39 -> -43), resistant, slowed, very slow
A: horns 2, retaliatory headbutt
a: Renounce Religion, Heroism, Finesse


You were in the Dungeon.
You worshipped Okawaru.
Okawaru was extremely pleased with you.
You visited 1 branch You collected 1746 gold pieces.
You spent 1546 gold pieces at shops.

Inventory:

Hand Weapons
 a - the +6 quarterstaff "Irirull" (weapon) {spect, Will+ Int+3 Dex+3}
   (You bought it in a shop in the Dungeon)

   When its wielder attacks, the weapon's spirit leaps out and strikes again.
   The spirit shares a part of any damage it takes with its wielder.
   Int:       It affects your intelligence (+3).
   Dex:       It affects your dexterity (+3).
   Will:      It increases your willpower.
 b - a +2 arbalest
 m - a +0 war axe
Missiles
 n - 97 bolts
Armour
 c - a +0 buckler
 i - a +0 scale mail (worn)
 k - a +0 cloak (worn)
 l - a +1 pair of boots (worn)
 u - a scarf of invisibility
 x - a scarf of harm
Jewellery
 d - the ring "Muz Yd Qeic" (left hand) {rPois rF- rC+ Will+}
   (You bought it in a shop in the Dungeon)

   [ring of protection from cold]

   rF:        It makes you vulnerable to fire.
   rC:        It protects you from cold.
   rPois:     It protects you from poison.
   Will:      It increases your willpower.
 g - the amulet of Charity (around neck) {Acrobat rPois rCorr Int+3}
   (You bought it in a shop in the Dungeon)

   [amulet of the acrobat]

   It increases your evasion while moving and waiting.
   Int:       It affects your intelligence (+3).
   rPois:     It protects you from poison.
   rCorr:     It protects you from acid and corrosion.
 q - a ring of magical power (right hand)
Scrolls
 j - a scroll of blinking
 t - a scroll of amnesia {unknown}
 w - a scroll of vulnerability {unknown}
Potions
 e - 7 potions of flight
 f - a potion of heal wounds
 h - 5 potions of magic
 o - 2 potions of resistance
 r - 3 potions of attraction
 s - 4 potions of curing
 v - a potion of degeneration


   Skills:
 + Level 16.5 Fighting
 + Level 14.0 Axes
 + Level 13.4 Staves
 + Level 1.1 Crossbows
 + Level 2.5 Throwing
 + Level 15.2 Armour
 + Level 7.9 Dodging
 + Level 4.2 Stealth
 + Level 11.8 Shields
 + Level 0.4 Invocations


You had 10 spell levels left.
You didn't know any spells.
Your spell library contained the following spells:

 Spells                   Type           Power      Damage    Failure   Level
 Shock                    Conj/Air       0%         1d3       54%         1
 Sublimation of Blood     Necr           0%         N/A       69%         2
 Wereblood                Tmut           0%         N/A       69%         2
 Ozocubu's Armour         Ice            0%         N/A       89%         3
 Swiftness                Air            0%         N/A       89%         3
 Airstrike                Air            0%         N/A       100%        4
 Flame Wave               Conj/Fire      0%         2d4       100%        4
 Irradiate                Conj/Tmut      0%         3d13      100%        5
 Metabolic Englaciation   Hex/Ice        0%         N/A       100%        5
 Chain Lightning          Conj/Air       0%         N/A       100%        9
 Simulacrum               Ice/Necr       Unusable   N/A       N/A         6
 Summon Hydra             Summ           Unusable   N/A       N/A         7

Dungeon Overview and Level Annotations

Branches:
Dungeon (1/1)

Altars:
Cheibriados
Dithmenos
Elyvilon
Fedhas
Gozag
Hepliaklqana
Kikubaaqudgha
Makhleb
Nemelex Xobeh
Okawaru
Qazlal
Ru
Sif Muna
Trog
Uskayaw
Vehumet
Wu Jian
Xom
Yredelemnul
Zin
The Shining One
Beogh
Jiyva
Lugonu

Shops:
D *![(::[!=*!??[[:[*=?[:[(=!!

Annotations:
D exclusions: oklob plant and orange crystal statue, Roxanne


Innate Abilities, Weirdness & Mutations

You have a pair of horns on your head.
You reflexively headbutt those who attack you in melee.


Message History

Your +6 quarterstaff "Irirull" {spect, Will+ Int+3 Dex+3} barely misses the swamp drake.
The death drake barely misses you. You furiously retaliate!
You headbutt the death drake. The swamp drake barely misses you.
The death drake breathes miasma at you. The foul vapour engulfs you!
You are poisoned.
You hit the swamp drake but do no damage.
The swamp drake is moderately wounded.
Your +6 quarterstaff "Irirull" {spect, Will+ Int+3 Dex+3} barely misses the swamp drake.
You feel very sick.
The swamp drake is engulfed in dark miasma.
The swamp drake is poisoned.
The swamp drake seems to slow down.
The swamp drake bites you. The death drake barely misses you.
You hit the swamp drake.
The swamp drake is heavily wounded.
Your +6 quarterstaff "Irirull" {spect, Will+ Int+3 Dex+3} hits the swamp drake.
You feel sick.
The death drake bites you but does no damage.
The swamp drake is engulfed in dark miasma.
The swamp drake dies!
You hit the crystal guardian but do no damage.
Your +6 quarterstaff "Irirull" {spect, Will+ Int+3 Dex+3} hits the crystal guardian but does no damage.
You feel sick.
The death drake bites you but does no damage.
The crystal guardian fires a crystalline bolt at you.
The crystal bolt misses you. The crystal bolt freezes you. You resist.
* * * LOW HITPOINT WARNING * * *
The crystal bolt freezes the crystal guardian.
The crystal guardian completely resists.
You bludgeon the crystal guardian!!
The crystal guardian is moderately damaged.
Your +6 quarterstaff "Irirull" {spect, Will+ Int+3 Dex+3} hits the crystal guardian!
You feel sick. The death drake breathes miasma at you.
The foul vapour misses you.
The crystal guardian fires a crystalline bolt at you.
The crystal bolt burns you!!
* * * LOW HITPOINT WARNING * * *
The crystal bolt burns you!!!
You die...

+++#+++## #=)▓▓▓▓▓▓▓▓▓▓▓
........# .. .#[○▓.......(▓▓
.##)##..# #. .#:)▓.).....)▓▓
##...##.#### +.##(#:[▓........▓▓
#).#..# ...# ..(####▓.(......▓▓
##.).####..## #^.##.#▓.[..[..)▓▓
###'###.##..# +○○#..#▓(.....([▓▓
.##.##...#..# #k9#..#▓..(..)..▓▓
#).<.'##.'..####@(##.#▓...[.[()▓▓
.##.##...#....###○○.##▓▓▓▓▓▓▓'▓▓▓
###'###.##....§.≈○○≈≈≈≈≈≈≈≈≈≈...≈
##.#.####≈≈.....≈#'########'###.≈
#.###.#≈≈§≈≈≈≈..≈#._._._..#≈≈≈##≈
##.#.##≈≈≈≈≈≈≈≈.≈#.._._._.#≈§≈§##
≈##+##≈≈≈≈≈≈≈≈≈≈≈#._._._._#§§§§§#
≈≈≈≈≈≈≈≈§≈§≈≈≈≈≈≈#_._._._.#≈≈§§§≈
+++#+++#≈≈≈§§≈≈≈≈#._._._..#§§≈≈≈§


You could see a death drake (catching breath), a crystal guardian and a friendly
+6 quarterstaff "Irirull" {spect, Will+ Int+3 Dex+3} (summoned).

Vanquished Creatures
  Kirke (D)
  A yaktaur captain (D)
  A centaur warrior (D)
  A death yak (D)
  A skeletal warrior (D)
  A death drake (D)
  An elephant (D)
  A merfolk siren (D)
  A yaktaur (D)
  2 unseen horrors (D)
  A kobold demonologist (D)
  5 polar bears (D)
  3 slime creatures (D)
  A hornet (D)
  2 wyverns (D)
  A vampire mosquito (D)
  Menkaure (D)
  2 redbacks (D)
  4 water moccasins (D)
  A swamp drake (D)
  5 necrophages (D)
  An iron imp (D)
  3 worms (D)
  A tentacle (D)
42 creatures vanquished.

Vanquished Creatures (others)
  A swamp drake (D)
  16 tentacles (D)
17 creatures vanquished.

Grand Total: 59 creatures vanquished

Notes
Turn   | Place    | Note
-------+----------+-------------------------------------------
     0 | D        | boopmooplesden the Minotaur Fighter began the quest for the
                  | Orb.
     0 | D        | Reached XP level 1. HP: 19/19 MP: 0/0
     1 | D        | Noticed a merfolk siren
    11 | D        | Killed a merfolk siren
    12 | D        | Reached skill level 9 in Fighting
    12 | D        | Reached skill level 5 in Axes
    12 | D        | Reached XP level 2. HP: 37/37 MP: 1/1
    12 | D        | Reached XP level 3. HP: 42/42 MP: 2/2
    12 | D        | Reached XP level 4. HP: 50/50 MP: 3/3
    12 | D        | Reached XP level 5. HP: 57/57 MP: 4/4
    12 | D        | Reached XP level 6. HP: 63/63 MP: 5/5
    28 | D        | Reached skill level 10 in Armour
    31 | D        | Reached skill level 10 in Fighting
    33 | D        | Reached skill level 10 in Shields
    33 | D        | Reached XP level 7. HP: 69/73 MP: 6/6
    35 | D        | Reached skill level 11 in Fighting
    45 | D        | Noticed a wyvern
    45 | D        | Noticed a wyvern
    49 | D        | Killed a wyvern
    51 | D        | Killed a wyvern
   100 | D        | Found Ywomaif's Distillery.
   100 | D        | Found Zeri's Distillery.
   100 | D        | Found Puman's Weapon Shop.
   100 | D        | Found Epatap's Magic Scroll Boutique.
   100 | D        | Found Soyluall's Antique Armour Boutique.
   100 | D        | Found Wolaim's Jewellery Shop.
   101 | D        | Found Xahaon's Book Shop.
   102 | D        | Found Doycaemi's Jewellery Boutique.
   102 | D        | Found Teoz's Magic Scroll Shop.
   102 | D        | Found Kuantyts's Magic Scroll Boutique.
   102 | D        | Noticed Menkaure
   102 | D        | Noticed a manticore
   115 | D        | Killed Menkaure
   116 | D        | Reached skill level 12 in Fighting
   116 | D        | Reached XP level 8. HP: 40/83 MP: 7/7
   303 | D        | Reached skill level 1 in Dodging
   313 | D        | Found Funap's Jewellery Shop.
   313 | D        | Found Oruseem's Distillery.
   313 | D        | Noticed a manticore
   313 | D        | Noticed a manticore
   313 | D        | Noticed an oklob plant
   314 | D        | Found Ruekoes's Antique Weapon Shop.
   314 | D        | Found Naricwof's Antique Armour Boutique.
   314 | D        | Found Zipiamo's Book Shoppe.
   315 | D        | Noticed a fire dragon
   319 | D        | Noticed a flying skull
   324 | D        | Bought a cloak for 126 gold pieces
   337 | D        | Bought a pair of embroidered boots for 195 gold pieces
   342 | D        | Reached skill level 10 in Axes
   366 | D        | Bought a brightly glowing quarterstaff for 171 gold pieces
   366 | D        | Identified the +6 quarterstaff "Irirull" {spect, Will+
                  | Int+3 Dex+3} (You bought it in a shop in the Dungeon)
   369 | D        | Noticed a flying skull
   369 | D        | Noticed a flying skull
   396 | D        | Found a glowing silver altar of Zin.
   396 | D        | Found a radiant altar of Vehumet.
   397 | D        | Found a glowing golden altar of the Shining One.
   397 | D        | Found a basalt altar of Yredelemnul.
   397 | D        | Found a hide-covered altar of Uskayaw.
   398 | D        | Found a shimmering altar of Xom.
   398 | D        | Found a bloodstained altar of Trog.
   398 | D        | Found a burning altar of Makhleb.
   399 | D        | Found an ornate altar of the Wu Jian Council.
   399 | D        | Found a shimmering blue altar of Sif Muna.
   399 | D        | Found a corrupted altar of Lugonu.
   400 | D        | Found a sacrificial altar of Ru.
   400 | D        | Found an ancient bone altar of Kikubaaqudgha.
   400 | D        | Found a white marble altar of Elyvilon.
   401 | D        | Found a stormy altar of Qazlal.
   401 | D        | Found a viscous altar of Jiyva.
   401 | D        | Found a shadowy altar of Dithmenos.
   402 | D        | Found a hazy altar of Hepliaklqana.
   402 | D        | Found a snail-covered altar of Cheibriados.
   403 | D        | Noticed a polar bear
   403 | D        | Noticed a polar bear
   404 | D        | Noticed a polar bear
   405 | D        | Found a sparkling altar of Nemelex Xobeh.
   405 | D        | Found a blossoming altar of Fedhas.
   405 | D        | Noticed a yaktaur
   405 | D        | Noticed a hornet
   406 | D        | Found an iron altar of Okawaru.
   406 | D        | Found an opulent altar of Gozag.
   411 | D        | Killed a polar bear
   412 | D        | Paralysed by a hornet for 3 turns
   415 | D        | Killed a hornet
   417 | D        | Killed a polar bear
   418 | D        | Reached skill level 13 in Fighting
   420 | D        | Killed a yaktaur
   421 | D        | Reached skill level 1 in Staves
   421 | D        | Reached XP level 9. HP: 54/93 MP: 8/8
   422 | D        | Killed a polar bear
   434 | D        | Noticed an ice statue
   437 | D        | Became a worshipper of Warmaster Okawaru
   459 | D        | Noticed a kraken
   483 | D        | Reached skill level 1 in Stealth
  1099 | D        | Found the +8 Vampire's Tooth {vamp}
  1614 | D        | Noticed Roxanne
  1657 | D        | Bought the ring "Muz Yd Qeic" {rPois rF- rC+ Will+} for 417
                  | gold pieces
  1671 | D        | Noticed an orange crystal statue
  1674 | D        | Noticed Kirke
  1674 | D        | Noticed a kobold demonologist
  1674 | D        | Noticed a yaktaur captain
  1686 | D        | Killed a yaktaur captain
  1686 | D        | Reached * piety under Okawaru
  1687 | D        | Reached skill level 14 in Fighting
  1689 | D        | Killed a kobold demonologist
  1690 | D        | Reached skill level 5 in Staves
  1690 | D        | Reached skill level 5 in Dodging
  1696 | D        | Killed Kirke
  1696 | D        | Reached ** piety under Okawaru
  1696 | D        | Reached *** piety under Okawaru
  1697 | D        | Reached skill level 1 in Throwing
  1697 | D        | Reached XP level 10. HP: 54/104 MP: 9/9
  1751 | D        | Noticed a skeletal warrior
  1758 | D        | Killed a skeletal warrior
  1759 | D        | Reached skill level 15 in Fighting
  1779 | D        | Noticed a centaur warrior
  1785 | D        | Killed a centaur warrior
  1785 | D        | Reached **** piety under Okawaru
  1916 | D        | Noticed an elephant
  1923 | D        | Killed an elephant
  1924 | D        | Reached skill level 10 in Staves
  2175 | D        | Noticed a death yak
  2193 | D        | Killed a death yak
  2193 | D        | Reached ***** piety under Okawaru
  2194 | D        | Reached skill level 16 in Fighting
  2194 | D        | Reached skill level 15 in Armour
  2194 | D        | Reached XP level 11. HP: 49/114 MP: 10/10
  2220 | D        | Got Cerebov's Papyrus of Battle Magic
  2230 | D        | Found Gurghame's Assorted Antiques.
  2230 | D        | Found Modah's Book Shop.
  2230 | D        | Found Nacu's Distillery.
  2230 | D        | Found Hushreoge's Armour Shoppe.
  2230 | D        | Found Iroj's Distillery.
  2231 | D        | Found Waroyxa's General Store.
  2231 | D        | Found Tehouhar's Antique Armour Boutique.
  2231 | D        | Found Nadief's Antique Armour Emporium.
  2231 | D        | Found Ycumo's Antique Armour Shop.
  2231 | D        | Found Xoani's Antique Armour Emporium.
  2231 | D        | Found Faixepn's General Store.
  2231 | D        | Found Wuelys's Book Shoppe.
  2245 | D        | Bought the amulet of Charity {Acrobat rPois rCorr Int+3}
                  | for 637 gold pieces
  2308 | D        | Noticed a death drake
  2310 | D        | Noticed a death drake
  2312 | D        | Noticed a crystal guardian
  2318 | D        | Killed a death drake
  2319 | D        | Reached skill level 1 in Crossbows
  2322 | D        | Received a gift from Okawaru
  2327 | D        | HP: 5/115 [crystal guardian/crystal bolt (23)]
  2327 | D        | Killed from afar by a crystal guardian

Illustrated notes

Levels and vault maps discovered:
D:        the_violet_keep_of_menkaure [sprint2_stairs_cluster_1,
          sprint2_shoproom, sprint2_temple, sprint2_basic_supplies,
          sprint2_obstacle_6, sprint2_obstacle_2, sprint2_obstacle_4,
          sprint2_obstacle_1, sprint2_obstacle_3, sprint2_timed_cluster_1,
          sprint2_smallroom_cluster_1, sprint2_smallroom_final_cluster_1,
          sprint2_transparent_cluster_1, sprint2_second_timed_cluster_1,
          sprint2_sniper_area_1, sprint2_heavy_combat_area_1,
          sprint2_mutation_trap_area_1, sprint2_forest_area_1,
          sprint2_light_combat_area_1, sprint2_behind_water_1,
          sprint2_near_end_vault_1]

Skill      XL: |  1  2  3  4  5  6  7  8  9 10 11 |
---------------+----------------------------------+-----
Fighting       | 9 10 12 13 14 16 | 16.5
Axes           | 5 7 9 12 13 14 | 14.0
Armour         | 9 10 11 13 14 15 | 15.2
Shields        | 9 10 11 | 11.8
Dodging        | 3 6 7 |  7.9
Staves         | 1 7 12 13 | 13.4
Stealth        | 2 4 |  4.2
Throwing       | 1 2 |  2.5
Crossbows      | 1 |  1.1
Invocations    | |  0.4

Action                   |  1- 3 |  4- 6 |  7- 9 | 10-12 || total
-------------------------+-------+-------+-------+-------++-------
Melee: War axe           |     8 |     9 |    46 |       ||    63
       Headbutt          |     1 |     3 |    11 |    15 ||    30
       Quarterstaff      |       |       |    48 |    54 ||   102
 Fire: Arbalest          |       |       |       |     3 ||     3
Throw: Dart              |       |       |     3 |       ||     3
Invok: Heroism           |       |       |       |     1 ||     1
  Use: Potion            |     1 |       |     4 |     4 ||     9
       Scroll            |       |       |     6 |       ||     6
 Stab: Distracted        |       |       |     1 |       ||     1
Armor: Scale mail        |       |     2 |    44 |    28 ||    74
Dodge: Dodged            |       |     2 |    60 |    36 ||    98
Block: Buckler           |       |     1 |     8 |       ||     9
